Map: District de Néokirk EC (Void)

Players

Pay2Win

  • Race: Terran Terran
  • League: Diamond
  • Spawn Location: 5:00

Florencio - Winner!

  • Race: Protoss Protoss
  • League: Diamond
  • Spawn Location: 7:00

VOD

Have the link to the VOD?

Description

Time

  • Played on: Dec. 17, 2016, 5:41 p.m.
  • Length: 23:17
Show
View Real Time Build Order
Export as new Build Order

Pay2Win Terran 

Build Orders: MMM Bio 

Get SALT Encoding   

  12  0:01  SCV  
  13  0:13  SCV  
  14  0:19  Supply Depot  
  14  0:25  SCV  
  15  0:40  SCV  
  16  0:46  Barracks  
  16  0:51  Refinery  
  16  0:54  SCV  
  17  1:06  SCV  
  18  1:41  Marine  
  16  1:59  Marine  
  16  2:07  Orbital Command  
  16  2:17  Marine  
  16  2:20  Barracks  
  17  2:33  SCV  
  18  2:45  SCV  
  19  2:57  SCV  
  20  3:01  Factory  
  20  3:09  SCV  
  20  3:12  Barracks Reactor  
  21  3:13  Command Center  
  21  3:19  Refinery  
  21  3:22  SCV  
  22  3:34  SCV  
  23  3:47  Starport  
  23  3:59  Supply Depot  
  23  4:05  Factory Tech Lab  
  23  4:20  SCV, Marine x2  
  23  4:21  Barracks  
  26  4:32  SCV  
  26  4:36  Siege Tank  
  30  4:44  SCV  
  30  4:56  SCV  
  30  4:58  Marine  
  30  4:59  Marine  
  33  5:02  Orbital Command  
  33  5:09  SCV  
  34  5:16  Siege Tank, Marine  
  34  5:21  Medivac, SCV  
  41  5:24  Barracks Tech Lab  
  41  5:31  SCV  
  41  5:33  SCV  
  43  5:37  Marine x2  
  45  5:43  SCV  
  45  5:45  Supply Depot  
  45  5:46  Stimpack  
  46  6:06  Marine x3  
  46  6:07  Supply Depot, Siege Tank, SCV x2  
  54  6:18  Engineering Bay  
  54  6:20  Liberator  
  54  6:29  SCV x2, Marine x3  
  54  6:41  SCV  
  54  6:45  SCV  
  54  6:46  Marine x3  
  59  7:04  SCV x2, Marine  
  62  7:08  Supply Depot  
  62  7:09  Supply Depot  
  62  7:21  Barracks  
  62  7:26  Terran Infantry Weapons Level 1  
  62  7:28  Supply Depot  
  62  7:30  Siege Tank, Marine x3  
  62  7:31  Refinery  
  68  7:42  Supply Depot  
  68  7:43  Supply Depot  
  68  7:45  Viking  
  68  7:47  Marine x3  
  73  7:58  SCV x2  
  75  8:02  Hellion  
  77  8:05  Marine x3  
  77  8:11  Combat Shields  
  80  8:13  Barracks Tech Lab  
  80  8:23  Siege Tank, Marine x3  
  86  8:29  Viking, Command Center  
  88  8:41  Marine x3  
  88  8:44  Marine  
  89  8:59  Viking, Marine x3  
  89  9:01  Marine  
  95  9:08  Siege Tank  
  98  9:15  SCV  
  98  9:17  Refinery, Marine x2  
  99  9:19  Marine  
  99  9:20  Terran Infantry Armor Level 1  
  99  9:21  Supply Depot  
  99  9:22  Supply Depot  
  99  9:24  Supply Depot  
  102  9:40  Medivac, Marine x2  
  102  9:41  Marauder x2  
  108  9:58  Marine x2  
  110  10:02  Siege Tank, Marine x2  
  110  10:03  Orbital Command  
  115  10:07  Barracks  
  114  10:16  Marine x2  
  114  10:19  Marine  
  114  10:20  Marauder  
  109  10:22  Orbital Command  
  109  10:24  Viking  
  109  10:26  SCV x2  
  113  10:34  Marine x2  
  115  10:37  Marine  
  115  10:40  Engineering Bay, Armory  
  115  10:41  Marine  
  117  10:51  Starport, Marine x2  
  117  10:55  Marine  
  120  10:59  Marine x2  
  122  11:05  Viking  
  122  11:09  Marine x2  
  126  11:13  Marauder  
  126  11:16  Siege Tank  
  126  11:17  Marauder, Marine  
  134  11:22  SCV x2  
  134  11:23  SCV  
  137  11:27  Marine x2  
  139  11:34  SCV x2  
  139  11:37  SCV, Marine x2  
  139  11:38  Marine  
  139  11:45  Marine  
  139  11:46  SCV  
  141  11:50  Marine  
  141  11:53  SCV  
  141  11:54  SCV  
  141  12:03  Terran Infantry Weapons Level 2  
  141  12:08  Supply Depot  
  141  12:09  Terran Infantry Armor Level 2, Supply Depot  
  141  12:22  Liberator  
  141  12:23  Liberator  
  141  12:29  Marine x2  
  141  12:30  Marauder, Siege Tank, Marine x2  
  156  12:46  SCV  
  157  12:52  Barracks Tech Lab, Supply Depot  
  157  12:57  Barracks  
  157  13:05  Liberator  
  157  13:13  Marine x2  
  157  13:14  SCV, Marine x2  
  157  13:15  Marine  
  157  13:16  Siege Tank  
  129  13:31  Marine x3  
  129  13:32  Marauder  
  118  13:49  Marine  
  118  13:53  Marauder  
  92  14:20  Command Center  
  87  14:24  Barracks, Command Center  
  87  14:30  Factory  
  78  14:40  Barracks  
  78  14:41  Barracks  
  49  16:10  Viking  
  47  16:30  Orbital Command  
  47  16:58  Orbital Command  
  47  17:08  Orbital Command  
  47  17:14  SCV  
  48  17:27  SCV  
  49  17:42  Marine x2  
  49  17:43  Marine  
  55  17:51  Starport, Refinery  
  53  18:00  Marine  
  44  18:08  Starport  
  44  18:09  Starport  
  42  18:13  Liberator  
  41  18:28  Command Center  
  41  18:29  Starport Reactor  
  44  18:36  Refinery  
  44  18:49  Command Center  
  44  18:52  Liberator  
  44  18:53  Liberator  
  44  19:13  Barracks  
  50  19:17  Marauder  
  50  19:18  Marauder  
  53  19:38  Marine  
  53  19:40  Liberator  
  53  19:45  Marauder, Supply Depot  
  56  19:56  Liberator, Marine  
  56  19:57  Liberator  
  60  20:06  Marine  
  61  20:12  Liberator  
  66  20:14  Marine  
  67  20:24  Marine  
  67  20:31  Orbital Command  
  54  21:39  Liberator  
  31  21:55  SCV x2  
  31  21:58  Viking  
  26  22:03  Viking  
  26  22:07  SCV x2  
Show
View Real Time Build Order
Export as new Build Order

Florencio Protoss - Winner!

Build Orders: Cannon Rush, Colossus Rush 

Get SALT Encoding   

  12  0:01  Probe (Chrono Boost)  
  13  0:11  Probe (Chrono Boost)  
  14  0:19  Pylon  
  14  0:22  Probe (Chrono Boost)  
  15  0:37  Probe (Chrono Boost)  
  15  0:41  Forge  
  16  0:47  Probe (Chrono Boost)  
  17  0:58  Probe (Chrono Boost)  
  17  1:00  Pylon  
  18  1:19  Photon Cannon  
  18  1:21  Photon Cannon  
  18  1:25  Pylon  
  18  1:30  Pylon  
  18  1:48  Pylon  
  18  1:49  Pylon  
  17  1:55  Photon Cannon  
  17  2:05  Probe (Chrono Boost)  
  17  2:16  Nexus  
  17  2:18  Pylon  
  17  2:21  Probe (Chrono Boost)  
  18  2:30  Gateway  
  18  2:37  Photon Cannon  
  18  2:41  Probe (Chrono Boost)  
  19  2:47  Assimilator  
  19  2:52  Assimilator  
  19  2:53  Probe (Chrono Boost)  
  20  3:05  Probe (Chrono Boost)  
  21  3:15  Probe (Chrono Boost)  
  22  3:27  Zealot, Cybernetics Core  
  22  3:30  Gateway  
  22  3:32  Probe (Chrono Boost)  
  25  3:36  Probe (Chrono Boost)  
  26  3:43  Probe (Chrono Boost)  
  26  3:47  Probe (Chrono Boost)  
  28  3:56  Pylon  
  28  4:02  Probe x2 (Chrono Boost)  
  30  4:03  Adept  
  32  4:10  Pylon  
  32  4:17  Robotics Facility  
  32  4:21  Adept  
  34  4:25  Probe (Chrono Boost)  
  34  4:27  Probe (Chrono Boost)  
  36  4:35  Probe (Chrono Boost)  
  36  4:37  Adept  
  36  4:38  Probe (Chrono Boost)  
  40  5:03  Probe (Chrono Boost)  
  40  5:04  Adept x2  
  43  5:11  Robotics Bay  
  43  5:13  Pylon  
  43  5:14  Probe (Chrono Boost)  
  44  5:16  Assimilator  
  44  5:18  Probe (Chrono Boost)  
  45  5:22  Assimilator  
  45  5:24  Probe (Chrono Boost)  
  45  5:25  Observer, Pylon  
  49  5:28  Mothership Core (Chrono Boost)  
  49  5:31  Adept  
  49  5:32  Adept  
  53  5:49  Probe x2 (Chrono Boost)  
  55  5:56  Warp Gate  
  55  5:58  Colossus  
  55  6:00  Probe x2 (Chrono Boost)  
  63  6:10  Probe x2 (Chrono Boost)  
  61  6:39  Adept x2  
  63  6:42  Pylon  
  63  6:52  Gateway  
  63  6:57  Pylon  
  63  7:00  Pylon  
  63  7:07  Photon Cannon  
  63  7:08  Photon Cannon  
  63  7:10  Colossus  
  63  7:11  Pylon  
  63  7:12  Stalker x2  
  63  7:13  Photon Cannon  
  73  7:19  Photon Cannon  
  73  7:22  Photon Cannon  
  73  7:31  Probe (Chrono Boost)  
  73  7:34  Pylon  
  74  7:39  Pylon  
  74  7:41  Stalker, Probe (Chrono Boost)  
  77  7:44  Stalker  
  79  8:02  Stalker  
  81  8:06  Photon Cannon x2  
  81  8:09  Probe (Chrono Boost)  
  82  8:17  Colossus  
  88  8:24  Pylon  
  88  8:28  Twilight Council  
  88  8:43  Photon Cannon  
  88  8:44  Photon Cannon  
  86  8:48  Photon Cannon  
  83  9:27  Templar Archives  
  83  9:30  Gateway  
  83  9:31  Gateway  
  83  9:32  Stalker x3, Gateway  
  89  10:06  Stalker x3  
  92  10:25  Psionic Storm  
  92  10:26  Mothership Core (Chrono Boost)  
  92  10:33  Stalker  
  92  10:34  Stalker x2  
  92  10:35  Stalker  
  100  10:38  Stalker x2  
  104  10:50  Nexus  
  104  10:59  High Templar x2  
  104  11:00  High Templar x2  
  110  11:24  High Templar x2  
  108  11:43  High Templar  
  108  11:53  Stalker  
  107  12:04  Stalker x2  
  111  12:12  Stalker  
  111  12:14  Stalker  
  115  12:28  Stalker x2  
  115  12:29  Stalker x2  
  123  12:51  Pylon  
  123  13:14  Stalker x5  
  123  13:15  Stalker  
  109  13:41  Stalker x5  
  106  13:42  Stalker  
  116  13:58  Assimilator  
  116  14:02  Assimilator  
  113  14:04  Pylon  
  113  14:08  Pylon  
  111  14:23  Forge  
  101  15:16  Forge  
  96  16:16  Photon Cannon  
  96  16:18  Photon Cannon  
  96  16:19  Photon Cannon  
  96  16:22  Photon Cannon  
  96  16:23  Pylon  
  96  16:27  Pylon  
  96  16:44  Gateway  
  96  16:47  Photon Cannon  
  96  16:50  Photon Cannon  
  96  16:56  Photon Cannon  
  96  17:15  Pylon  
  96  17:20  Pylon  
  96  18:40  Cybernetics Core  
  96  18:42  Gateway  
  96  18:45  Gateway  
  96  18:52  Pylon  
  96  19:20  Pylon  
  89  20:50  Pylon  
  89  20:52  Pylon  
  89  21:02  Pylon  
  89  21:10  Probe (Chrono Boost)  
  90  21:14  Pylon  
  90  21:20  Probe (Chrono Boost)  
  91  21:31  Probe (Chrono Boost)  
  91  21:42  Probe (Chrono Boost)  
  87  21:52  Probe (Chrono Boost)  
  48  22:07  Stalker x3  
Tags
 
Add a new tag
Caveats
  • Supply blocks, unpowered buildings, or Contaminate may cause inaccurate times.
  • Supply counts are checked every 10 seconds.